 Dungeon Crawl Stone Soup version 0.18.1-6-gd335043 (webtiles) character file.

2 Implojin the Insei (level 1, -4/18 HPs)
             Began as a Mummy Monk on May 21, 2016.
             Slain by a goblin
             ... wielding a +0 dagger
              (5 damage)
             ... on level 1 of the Dungeon.
             The game lasted 00:00:22 (43 turns).

Implojin the Insei (Mummy Monk)                       Turns: 43, Time: 00:00:23

Health: -4/18      AC:  0    Str: 14    XL:     1   Next: 25%
Magic:  1/1        EV: 13    Int:  9    God:
Gold:   0          SH:  0    Dex: 14    Spells: 0 memorised, 0 levels left

rFire  x . .     SeeInvis .       - Unarmed
rCold  + . .     Gourm    .     (no armour)
rNeg   + + +     Faith    .     (no shield)
rPois  ∞         Spirit   .     (no helmet)
rElec  .         Dismiss  .     (no cloak)
rCorr  .         Reflect  .     (no gloves)
SustAt .         Harm     .     (no boots)
MR     .....                    (no amulet)
Stlth  ++........               (no ring)
                                (no ring)

@: not resistant to hostile enchantments, unstealthy
A: no food or potions, fire vulnerability, cold resistance 1, negative energy
resistance 3, torment resistance, unbreathing
a: no special abilities


You were on level 1 of the Dungeon.
You were not hungry.

You visited 1 branch of the dungeon, and saw 1 of its levels.

You aren't carrying anything.


   Skills:
 - Level 3.0 Fighting
 - Level 2.4 Dodging
 - Level 1.5 Stealth
 * Level 3.3 Unarmed Combat


You couldn't memorise any spells.
You didn't know any spells.

Dungeon Overview and Level Annotations

Branches:
Dungeon (1/15)

Altars:


Innate Abilities, Weirdness & Mutations

You do not eat or drink.
Your flesh is vulnerable to fire.
You are immune to poison.
Your flesh is cold resistant.
You are immune to negative energy.
You are immune to unholy pain and torment.
You can survive without breathing.


Message History

A hobgoblin comes into view. It is wielding a club.
The giant gecko closely misses you.
You barely miss the giant gecko. You punch the giant gecko.
The giant gecko is severely wounded.
The giant gecko barely misses you.
You hit the giant gecko.
The giant gecko is almost dead.
The giant gecko bites you.
You hit the giant gecko.
You kill the giant gecko!
The kobold throws a stone.
The stone barely misses you.
You hear a sizzling splash.
The kobold hits you. The goblin hits you but does no damage.
You see here a giant gecko corpse.
You hit the kobold but do no damage. The kobold hits you.
The goblin barely misses you.
The kobold throws a stone.
The stone closely misses you.
You hear a sizzling splash.
You barely miss the goblin. The goblin hits you with a dagger.
You hit the goblin but do no damage. The goblin misses you.
You barely miss the goblin. The goblin hits you with a dagger.
* * * LOW HITPOINT WARNING * * *
You barely miss the goblin. The goblin barely misses you.
You hit the goblin.
The goblin is heavily wounded.
The goblin closely misses you.
You barely miss the goblin.
The goblin is heavily wounded.
The goblin hits you with a dagger.
* * * LOW HITPOINT WARNING * * *
You miss the goblin.
The goblin is heavily wounded.
You hit the goblin but do no damage.
The goblin is heavily wounded.
The goblin hits you with a dagger.
* * * LOW HITPOINT WARNING * * *
There is an open door here.
Really walk into a travel-excluded area?
The goblin hits you with a dagger.
You die...

#.........#
#..#...#..#
#.........# #
#.........#
#.#..#...#..#
#.#...§§§...#
#.#.....§.§§....
#.#.#..#.8.#..#
#...#..@......#
##..####g#+####
#... +.# #
#.###K#
.####...#†#.#...
............?...)
....#####...#.##.
. ......#
........


You could see a goblin and a kobold.

Vanquished Creatures
  A giant gecko (D:1)
1 creature vanquished.

Notes
Turn   | Place    | Note
--------------------------------------------------------------
     0 | D:1      | Implojin the Mummy Monk began the quest for the Orb.
     0 | D:1      | Reached XP level 1. HP: 18/18 MP: 1/1
    43 | D:1      | Slain by a goblin

Action                   || total
-------------------------++-------
Melee: Unarmed           ||    12
       Punch             ||     1
Dodge: Dodged            ||     9

Table legend:
 A = Turns spent in this place as a percentage of turns spent in the entire game.
 B = Non-inter-level travel turns spent in this place as a percentage of non-inter-level travel turns spent in the entire game.
 C = Inter-level travel turns spent in this place as a percentage of turns spent in this place.
 D = Turns resting spent in this place as a percentage of non-inter-level travel turns spent in this place.
 E = Turns spent auto-exploring this place as a percentage of non-inter-level travel turns spent in this place.
 F = Non-inter-level travel turns spent in this place divided by the number of levels of this place that you've seen.
                   A       B       C       D       E      F
               +-------+-------+-------+-------+-------+----------------------
         Total | 100.0 | 100.0 |   0.0 |   0.0 |   2.2 |  46.0
       Dungeon | 100.0 | 100.0 |   0.0 |   0.0 |   2.2 |  46.0
               +-------+-------+-------+-------+-------+----------------------

Table legend:
 A = Kills in this place as a percentage of kills in entire the game.
 B = Kills by you in this place as a percentage of kills by you in the entire game.
 C = Kills by friends in this place as a percentage of kills by friends in the entire game.
 D = Other kills in this place as a percentage of other kills in the entire game.
 E = Experience gained in this place as a percentage of experience gained in the entire game.
 F = Experience gained in this place divided by the number of levels of this place that you have seen.
                   A       B       C       D       E      F
               +-------+-------+-------+-------+-------+----------------------
         Total | 100.0 | 100.0 |  -nan |  -nan | 100.0 |   3.0
       Dungeon | 100.0 | 100.0 |  -nan |  -nan | 100.0 |   3.0
               +-------+-------+-------+-------+-------+----------------------
